 Dungeon Crawl Stone Soup version 0.30.1-4-g462c640d31 (webtiles) character file.

Game seed: 8172455673406508108

195 FishyPogo the Ruffian (level 5, -4/42 HPs)
             Began as a Draconian Transmuter on Aug 18, 2023.
             Slain by an iron imp (7 damage)
             ... on level 3 of the Dungeon.
             The game lasted 00:04:11 (2214 turns).

FishyPogo the Ruffian (Draconian Transmuter)        Turns: 2214, Time: 00:04:11

Health: -4/42      AC:  5    Str: 12    XL:     5   Next: 45%
Magic:  9/9        EV: 12    Int: 16    God:
Gold:   80         SH:  0    Dex: 11    Spells: 7/10 levels left

rFire   . . .        g - +1 short sword (freeze)
rCold   . . .        (no shield)
rNeg    . . .        (body armour unavailable)
rPois   .            i - +0 hat
rElec   .            (no cloak)
rCorr   .            (no gloves)
SInv    .            (no boots)
Will    .....        (no amulet)
Stlth   +            (no ring)
HPRegen 0.27/turn    (no ring)
MPRegen 0.11/turn

%: no passive effects
@: no status effects
A: AC +5, unfitting armour, cold-blooded
a: no special abilities


You were on level 3 of the Dungeon.
You visited 1 branch of the dungeon, and saw 3 of its levels.

You collected 80 gold pieces.

Inventory:

Hand Weapons
 g - a +1 short sword of freezing (weapon)
Missiles
 b - 36 stones
 m - 2 atropa-tipped darts
Armour
 i - a +0 hat (worn)
Scrolls
 c - 3 scrolls of amnesia {unknown}
 d - 6 scrolls of identify {unknown}
 e - 2 scrolls of fog {unknown}
 j - 2 scrolls of enchant armour {unknown}
 k - 2 scrolls of vulnerability {unknown}
Potions
 a - a potion of haste {unknown}
 f - 3 potions of curing {unknown}
 h - 2 potions of heal wounds
 l - 2 potions of degeneration {unknown}


   Skills:
 + Level 2.7 Fighting
 + Level 2.7 Dodging
 + Level 3.8 Unarmed Combat
 + Level 3.0 Spellcasting
 + Level 3.1 Transmutations


You had 7 spell levels left.
You knew the following spells:

 Your Spells              Type           Power      Damage    Failure   Level
a - Beastly Appendage     Tmut           24%        N/A       5%          1
b - Wereblood             Tmut           12%        N/A       8%          2

Your spell library contained the following spells:

 Spells                   Type           Power      Damage    Failure   Level
 Magic Dart               Conj           8%         1d3       19%         1
 Slow                     Hex            8%         N/A       19%         1
 Searing Ray              Conj           4%         2d4       28%         2
 Spider Form              Tmut/Pois      7%         N/A       30%         3
 Call Canine Familiar     Summ           2%         N/A       50%         3
 Confusing Touch          Hex            2%         N/A       50%         3
 Portal Projectile        Hex/Tloc       4%         N/A       50%         3
 Vampiric Draining        Necr           2%         2d6       50%         3
 Ice Form                 Ice/Tmut       7%         N/A       69%         4
 Fulminant Prism          Conj/Hex       1%         3d5       88%         4
 Leda's Liquefaction      Hex/Erth       1%         N/A       88%         4


Dungeon Overview and Level Annotations

Branches:
Dungeon (3/15)

Altars:
Makhleb


Innate Abilities, Weirdness & Mutations

Your plain brown scales are hard. (AC +5)
You cannot fit into any form of body armour.
You are cold-blooded and may be slowed by cold attacks.


Message History

The iron imp is almost dead.
The iron imp completely misses you.
You hit the iron imp. You freeze the iron imp.
You kill the iron imp!
Your Spellcasting skill increases to level 3!
You hit the iron imp. You tail-slap the iron imp.
The iron imp is moderately wounded.
The iron imp misses you.
You hit the iron imp but do no damage. You claw the iron imp.
You headbutt the iron imp.
The iron imp is severely wounded.
You hit the iron imp but do no damage.
You claw the iron imp, but do no damage.
Your headbutt misses the iron imp.
The iron imp is severely wounded.
Your horns disappear.
Your talons disappear.
Your +0 hat unmelds from your body.
The iron imp hits you.
You closely miss the iron imp.
The iron imp is severely wounded.
The iron imp hits you!
* * * LOW HITPOINT WARNING * * *
You hit the iron imp but do no damage.
The iron imp is severely wounded.
The iron imp hits you!
* * * LOW HITPOINT WARNING * * *
You hit the iron imp but do no damage.
The iron imp is severely wounded.
The iron imp barely misses you.
You barely miss the iron imp.
The iron imp is severely wounded.
You barely miss the iron imp.
The iron imp is severely wounded.
The iron imp hits you but does no damage.
You hit the iron imp but do no damage.
The iron imp is severely wounded.
The iron imp barely misses you.
You hit the iron imp but do no damage.
Your tail-slap misses the iron imp.
The iron imp is severely wounded.
The iron imp hits you!
You die...

#.............#
#
#.............#
#
#.............#
#.............#
#......≈......#
#....≈§8≈≈....#
#...≈≈≈.≈≈≈...#
#..≈≈....§§≈..#
#@≈≈.....
#5§≈..._.
#.≈§.....
#..§.....
#########


You could see an iron imp.

Vanquished Creatures
  2 iron imps (D:3)
  Jessica (D:2)
  Terence (D:2)
  2 adders (D:2)
  2 worms (D:2)
  2 dart slugs
  3 bats (D:1)
  6 endoplasms
  5 giant cockroaches
  8 goblins
  3 hobgoblins
  4 jackals (D:1)
  3 quokkas
  4 ball pythons
  5 frilled lizards
  5 kobolds (D:1)
  6 rats (D:1)
62 creatures vanquished.

Notes
Turn   | Place    | Note
-------+----------+-------------------------------------------
     0 | D:1      | FishyPogo the Draconian Transmuter began the quest for the
                  | Orb.
     0 | D:1      | Reached XP level 1. HP: 16/16 MP: 3/3
   156 | D:1      | You fall into a shaft and drop 1 floor!
   171 | D:2      | Reached XP level 2. HP: 13/23 MP: 5/5
   442 | D:1      | Learned a level 2 spell: Wereblood
   469 | D:1      | Reached XP level 3. HP: 23/29 MP: 6/6
  1374 | D:2      | Reached XP level 4. HP: 17/36 MP: 7/7
  1569 | D:2      | Noticed Terence
  1581 | D:2      | Killed Terence
  1724 | D:2      | Noticed Jessica
  1740 | D:2      | Killed Jessica
  1942 | D:2      | Reached XP level 5. HP: 42/42 MP: 9/9
  2169 | D:3      | Found a burning altar of Makhleb.
  2209 | D:3      | HP: 2/42 [iron imp (9)]
  2214 | D:3      | Slain by an iron imp

Illustrated notes

Levels and vault maps discovered:
D:1:      dpeg_arrival_simpleton_c, layout_basic
D:2:      layout_loops_ring, kennysheep_generic_room_3, uniq_jessica,
          uniq_terence
D:3:      layout_basic, elyvilon_altar_1, demons_altar,
          guppyfry_early_lair_pool, uniq_ijyb

Skill      XL: |  1  2  3  4  5 |
---------------+----------------+-----
Dodging        | 2 |  2.7
Fighting       | 2 |  2.7
Transmutations | 3 |  3.1
Spellcasting   | 3 |  3.0
Unarmed Combat | |  3.8

Action                     |  1- 3 |  4- 6 || total
---------------------------+-------+-------++-------
  Melee: Unarmed           |    69 |       ||    69
         Tailslap          |    11 |     7 ||    18
         Headbutt          |    12 |    14 ||    26
         Kick              |    20 |    20 ||    40
         Punch             |     2 |     3 ||     5
         Short sword       |    45 |    85 ||   130
   Cast: Beastly Appendage |    28 |    13 ||    41
    Use: Potion            |     1 |       ||     1
   Stab: Sleeping          |     1 |     1 ||     2
 Armour: Skin              |    37 |     9 ||    46
  Dodge: Dodged            |    75 |    37 ||   112
